3AAA
HIALEAH DODOS @ SIOUX FALLS RED PANDAS
07/16/2020
 
TOP OF THE 1ST
Hialeah Dodos batting - Pitching for Sioux Falls Red Pandas : RHP Doug Green
Pitching: RHP Doug Green
Batting: LHB Jeff Conklin 0-0: Called Strike
0-1: Ball
1-1: Foul Ball, location: 2F
1-2: Foul Ball, location: 2F
1-2: Ground out 6-3 (Groundball, 6)
Batting: RHB Joel Frazier 0-0: Ball
1-0: Swinging Strike
1-1: Ball
2-1: Foul Ball, location: 2F
2-2: Foul Ball, location: 2F
2-2: Ball
3-2: Base on Balls
Batting: RHB Ramón Gómez 0-0: Ball
1-0: Ball
2-0: Ball
3-0: Called Strike
3-1: SINGLE (Flyball, 4D)
Joel Frazier to second
Runner from 2nd tries for 3rd, SAFE, no throw or cutoff
Batting: LHB Álex Burgos 0-0: Called Strike
0-1: Called Strike
0-2: Strikes out swinging
Batting: RHB José Bravo 0-0: Ball
Ramón Gómez is caught stealing 2nd base
Top of the 1st over - 0 run(s), 1 hit(s), 0 error(s), 0 left on base; Hialeah 0 - Sioux Falls 0
BOTTOM OF THE 1ST
Sioux Falls Red Pandas batting - Pitching for Hialeah Dodos : RHP Joseph Reed
Pitching: RHP Joseph Reed
Batting: LHB Clark Espinosa 0-0: Ball
1-0: Swinging Strike
1-1: Ball
2-1: Swinging Strike
2-2: Ball
3-2: Foul Ball, location: 2F
3-2: Ground out 4-3 (Groundball, 4)
Batting: RHB Domenic Gallard 0-0: Called Strike
0-1: Ball
1-1: Ball
2-1: SINGLE (Line Drive, 89S)
Batting: RHB Andrew Weeks 0-0: Swinging Strike
0-1: Called Strike
0-2: Strikes out swinging
Batting: RHB Randy Tucker 0-0: Swinging Strike
0-1: Fly out, F9 (Flyball, 9M)
Bottom of the 1st over - 0 run(s), 1 hit(s), 0 error(s), 1 left on base; Hialeah 0 - Sioux Falls 0
TOP OF THE 2ND
Hialeah Dodos batting - Pitching for Sioux Falls Red Pandas : RHP Doug Green
Batting: RHB José Bravo 0-0: Called Strike
0-1: Ball
1-1: Ball
2-1: Ground out 6-3 (Groundball, 6M)
Batting: SHB Esteban Márquez 0-0: Called Strike
0-1: Swinging Strike
0-2: Strikes out swinging
Batting: LHB Bobby Moore 0-0: SINGLE (Groundball, 56D)
Batting: RHB Scott Miller 0-0: Foul Ball, location: 2F
0-1: Ball
1-1: Ball
2-1: Fly out, F8 (Flyball, 8LM)
Top of the 2nd over - 0 run(s), 1 hit(s), 0 error(s), 1 left on base; Hialeah 0 - Sioux Falls 0
BOTTOM OF THE 2ND
Sioux Falls Red Pandas batting - Pitching for Hialeah Dodos : RHP Joseph Reed
Batting: LHB Cristo Maez 0-0: Called Strike
0-1: Ground out 4-3 (Groundball, 34)
Batting: RHB Dan Hart 0-0: Called Strike
0-1: SINGLE (Groundball, 56D)
Batting: RHB Juan Garza 0-0: Called Strike
0-1: Ball
1-1: Ball
2-1: Foul Ball, location: 2F
2-2: Ball
3-2: Strikes out swinging
Batting: RHB Will Robinson 0-0: Ball
1-0: Called Strike
1-1: Foul Ball, location: 2F
1-2: Fly out, F9 (Flyball, 9M)
Bottom of the 2nd over - 0 run(s), 1 hit(s), 0 error(s), 1 left on base; Hialeah 0 - Sioux Falls 0
TOP OF THE 3RD
Hialeah Dodos batting - Pitching for Sioux Falls Red Pandas : RHP Doug Green
Batting: RHB Steve Ormston 0-0: Ball
1-0: Ball
2-0: DOUBLE (Groundball, 5L)
Batting: LHB Jeff Conklin 0-0: Ball
1-0: SINGLE (Groundball, 4MD)
Steve Ormston to third
Batting: RHB Joel Frazier 0-0: Called Strike
0-1: Fly out, F8 (Flyball, 8RM)
Runner from 3rd tags up, SCORES, throw made
Batting: RHB Ramón Gómez 0-0: Ball
1-0: Fly out, F3 (Popup, 3DF)
Batting: LHB Álex Burgos 0-0: Called Strike
0-1: Ball
1-1: Called Strike
1-2: Fly out, F9 (Flyball, 89M)
Top of the 3rd over - 1 run(s), 2 hit(s), 0 error(s), 1 left on base; Hialeah 1 - Sioux Falls 0
BOTTOM OF THE 3RD
Sioux Falls Red Pandas batting - Pitching for Hialeah Dodos : RHP Joseph Reed
Batting: RHB Bob Wilson 0-0: Fly out, F8 (Flyball, 8LM)
Batting: LHB Clark Espinosa 0-0: Fly out, F3 (Popup, 13)
Batting: RHB Domenic Gallard 0-0: Called Strike
0-1: Foul Ball, location: 2F
0-2: Ball
1-2: Strikes out swinging
Bottom of the 3rd over - 0 run(s), 0 hit(s), 0 error(s), 0 left on base; Hialeah 1 - Sioux Falls 0
TOP OF THE 4TH
Hialeah Dodos batting - Pitching for Sioux Falls Red Pandas : RHP Doug Green
Batting: RHB José Bravo 0-0: Ball
1-0: Foul Ball, location: 2F
1-1: Ball
2-1: SINGLE (Line Drive, 4)
Batting: SHB Esteban Márquez 0-0: Swinging Strike
0-1: Foul Ball, location: 2F
0-2: Ball
1-2: Fly out, F8 (Flyball, 8LD)
Batting: LHB Bobby Moore 0-0: Ball
1-0: Ball
2-0: Called Strike
2-1: Ball
3-1: Called Strike
3-2: Strikes out looking
José Bravo is caught stealing 2nd base
Batter strikes out.
Top of the 4th over - 0 run(s), 1 hit(s), 0 error(s), 0 left on base; Hialeah 1 - Sioux Falls 0
BOTTOM OF THE 4TH
Sioux Falls Red Pandas batting - Pitching for Hialeah Dodos : RHP Joseph Reed
Batting: RHB Andrew Weeks 0-0: Ball
1-0: Ball
2-0: Foul Ball, location: 2F
2-1: Ball
3-1: Fly out, F7 (Flyball, 7M)
Batting: RHB Randy Tucker 0-0: Foul Ball, location: 2F
0-1: Foul Ball, location: 2F
0-2: Ball
1-2: Ball
2-2: Ball
3-2: Foul Ball, location: 2F
3-2: Strikes out swinging
Batting: LHB Cristo Maez 0-0: Ground out 4-3 (Groundball, 4)
Bottom of the 4th over - 0 run(s), 0 hit(s), 0 error(s), 0 left on base; Hialeah 1 - Sioux Falls 0
TOP OF THE 5TH
Hialeah Dodos batting - Pitching for Sioux Falls Red Pandas : RHP Doug Green
Batting: RHB Scott Miller 0-0: Ball
1-0: Swinging Strike
1-1: Ball
2-1: Foul Ball, location: 2F
2-2: Ball
3-2: Foul Ball, location: 2F
3-2: Strikes out looking
Batting: RHB Steve Ormston 0-0: Ball
1-0: Ball
2-0: Ball
3-0: Called Strike
3-1: Base on Balls
Batting: LHB Jeff Conklin 0-0: Foul Ball, location: 2F
0-1: Called Strike
0-2: Grounds out, U3 (Groundball, 3L)
Batting: RHB Joel Frazier 0-0: Ball
1-0: Ball
2-0: Ball
3-0: Base on Balls
Batting: RHB Ramón Gómez 0-0: Called Strike
0-1: Ball
1-1: Ball
2-1: Swinging Strike
2-2: Foul Ball, location: 2F
2-2: Ball
3-2: Base on Balls
Steve Ormston to third
Joel Frazier to second
Batting: LHB Álex Burgos 0-0: SINGLE (Line Drive, 8RS)
Steve Ormston scores
Joel Frazier to third
Ramón Gómez to second
Runner from 3rd tries for Home, SAFE, no throw or cutoff
Batting: RHB José Bravo 0-0: Called Strike
0-1: Called Strike
0-2: Strikes out looking
Top of the 5th over - 2 run(s), 1 hit(s), 0 error(s), 2 left on base; Hialeah 3 - Sioux Falls 0
BOTTOM OF THE 5TH
Sioux Falls Red Pandas batting - Pitching for Hialeah Dodos : RHP Joseph Reed
Batting: RHB Dan Hart 0-0: Ball
1-0: Fly out, F7 (Line Drive, 7LM)
Batting: RHB Juan Garza 0-0: Reached on error, E5 (Groundball, 56)
Batting: RHB Will Robinson 0-0: Ball
1-0: Called Strike
1-1: Foul Ball, location: 2F
1-2: Fielders Choice at 2nd, 6-4 (Groundball, 6)
Batting: RHB Bob Wilson 0-0: Called Strike
0-1: Ball
1-1: Called Strike
1-2: Ground out U3 (Groundball, 3S)
Bottom of the 5th over - 0 run(s), 0 hit(s), 1 error(s), 1 left on base; Hialeah 3 - Sioux Falls 0
TOP OF THE 6TH
Hialeah Dodos batting - Pitching for Sioux Falls Red Pandas : RHP Doug Green
Batting: SHB Esteban Márquez 0-0: Ball
1-0: Foul Ball, location: 2F
1-1: Ball
2-1: Swinging Strike
2-2: Strikes out swinging
Batting: LHB Bobby Moore 0-0: Ball
1-0: Called Strike
1-1: Ball
2-1: Foul Ball, location: 2F
2-2: Fly out, F5 (Popup, 25)
Batting: RHB Scott Miller 0-0: DOUBLE (Line Drive, 5D)
Batting: RHB Steve Ormston 0-0: Swinging Strike
0-1: Ball
Passed Ball!
Scott Miller to third
1-1: Ball
2-1: Ball
3-1: Fly out, F3 (Popup, 3SF)
Top of the 6th over - 0 run(s), 1 hit(s), 0 error(s), 1 left on base; Hialeah 3 - Sioux Falls 0
BOTTOM OF THE 6TH
Sioux Falls Red Pandas batting - Pitching for Hialeah Dodos : RHP Joseph Reed
Batting: LHB Clark Espinosa 0-0: Ball
1-0: Ball
2-0: Called Strike
2-1: Ground out 4-3 (Groundball, 4)
Batting: RHB Domenic Gallard 0-0: Ball
1-0: Fly out, F9 (Flyball, 9M)
Batting: RHB Andrew Weeks 0-0: Ball
1-0: Foul Ball, location: 2F
1-1: SINGLE (Line Drive, 7LS)
Batting: RHB Randy Tucker 0-0: Ball
Pickoff Throw to First - Error! E1
Andrew Weeks to second
1-0: Ball
2-0: Ball
3-0: Called Strike
3-1: Base on Balls
Batting: LHB Cristo Maez 0-0: Foul Ball, location: 2F
0-1: Called Strike
0-2: Fly out, F8 (Flyball, 8RM)
Bottom of the 6th over - 0 run(s), 1 hit(s), 1 error(s), 2 left on base; Hialeah 3 - Sioux Falls 0
TOP OF THE 7TH
Hialeah Dodos batting - Pitching for Sioux Falls Red Pandas : RHP Doug Green
Pitching: LHP Jeffery Howell
Batting: LHB Jeff Conklin 0-0: Ball
1-0: Ball
2-0: Called Strike
2-1: Ball
3-1: DOUBLE (Flyball, 78D)
Batting: RHB Joel Frazier 0-0: Ball
1-0: Ball
2-0: Ball
3-0: Base on Balls
Batting: RHB Ramón Gómez 0-0: Swinging Strike
0-1: Swinging Strike
0-2: Strikes out swinging
Batting: LHB Álex Burgos 0-0: SINGLE (Groundball, 4MD) (infield hit)
Jeff Conklin to third
Joel Frazier to second
Batting: RHB José Bravo 0-0: Ball
1-0: SINGLE (Groundball, 4M)
Jeff Conklin scores
Joel Frazier to third
Álex Burgos to second
Runner from 3rd tries for Home, SAFE, no throw or cutoff
Batting: SHB Esteban Márquez 0-0: Called Strike
0-1: Ball
1-1: Ball
2-1: SINGLE (Groundball, 56D)
Álex Burgos to third
José Bravo to second
Runner from 3rd tries for Home, SAFE, no throw or cutoff
Pitching: RHP Steven Jones
Batting: LHB Bobby Moore 0-0: Ball
1-0: Ball
2-0: SINGLE (Groundball, 56D)
José Bravo to third
Esteban Márquez to second
Runner from 3rd tries for Home, SAFE, throw made home
Esteban Márquez to third
Bobby Moore to second
Batting: RHB Scott Miller 0-0: Ball
1-0: Called Strike
1-1: Ball
2-1: Ground out 6-3 (Groundball, 6M)
Esteban Márquez scores
Bobby Moore to third
Batting: RHB Steve Ormston 0-0: Ball
1-0: Called Strike
1-1: Fly out, F8 (Flyball, 8RS)
Top of the 7th over - 5 run(s), 5 hit(s), 0 error(s), 1 left on base; Hialeah 8 - Sioux Falls 0
BOTTOM OF THE 7TH
Sioux Falls Red Pandas batting - Pitching for Hialeah Dodos : RHP Joseph Reed
Batting: RHB Dan Hart 0-0: Ball
1-0: Ball
2-0: Fly out, F6 (Popup, 6D)
Batting: RHB Juan Garza 0-0: Ball
1-0: Ball
2-0: Fly out, F4 (Popup, 4MD)
Batting: RHB Will Robinson 0-0: Called Strike
0-1: Ground out 4-3 (Groundball, 34)
Bottom of the 7th over - 0 run(s), 0 hit(s), 0 error(s), 0 left on base; Hialeah 8 - Sioux Falls 0
TOP OF THE 8TH
Hialeah Dodos batting - Pitching for Sioux Falls Red Pandas : RHP Steven Jones
Batting: LHB Jeff Conklin 0-0: Reaches on Catchers interference
Batting: RHB Joel Frazier 0-0: Sac Bunt - play at first, batter OUT! 1-3
Jeff Conklin to second
Batting: RHB Ramón Gómez 0-0: Ball
Jeff Conklin is caught stealing 3rd base
1-0: Foul Ball, location: 2F
1-1: Swinging Strike
1-2: SINGLE (Line Drive, 78M)
Batting: LHB Álex Burgos 0-0: Ball
1-0: Ground out U3 (Groundball, 3L)
Top of the 8th over - 0 run(s), 1 hit(s), 1 error(s), 1 left on base; Hialeah 8 - Sioux Falls 0
BOTTOM OF THE 8TH
Sioux Falls Red Pandas batting - Pitching for Hialeah Dodos : RHP Joseph Reed
Now at 1B: Craig Lovins
Now at 2B: Peter Baker
Batting: RHB Bob Wilson 0-0: Ball
1-0: Foul Ball, location: 2F
1-1: SINGLE (Line Drive, 4MD)
Batting: LHB Clark Espinosa 0-0: Ball
1-0: Called Strike
1-1: Ball
2-1: Foul Ball, location: 2F
2-2: Strikes out swinging
Batting: RHB Domenic Gallard 0-0: Foul Ball, location: 2F
0-1: Ball
1-1: Ball
2-1: Foul Ball, location: 2F
2-2: Foul Ball, location: 2F
2-2: Foul Ball, location: 2F
2-2: Ball
3-2: Strikes out swinging
Batting: RHB Andrew Weeks 0-0: Called Strike
0-1: Ball
1-1: Ball
Error on foul ball, E2
2-2: Ball
Wild Pitch!
Bob Wilson to second
3-2: Fly out, F9 (Flyball, 89M)
Bottom of the 8th over - 0 run(s), 1 hit(s), 1 error(s), 1 left on base; Hialeah 8 - Sioux Falls 0
TOP OF THE 9TH
Hialeah Dodos batting - Pitching for Sioux Falls Red Pandas : RHP Steven Jones
Batting: RHB José Bravo 0-0: Ball
1-0: Ground out 5-3 (Groundball, 5S)
Batting: SHB Esteban Márquez 0-0: Called Strike
0-1: Foul Ball, location: 2F
0-2: Strikes out looking
Batting: LHB Bobby Moore 0-0: Foul Ball, location: 2F
0-1: Ball
1-1: SINGLE (Line Drive, 6MD)
Batting: RHB Scott Miller 0-0: DOUBLE (Flyball, 89XD)
Bobby Moore to third
Batting: RHB Steve Ormston 0-0: Ball
1-0: Called Strike
1-1: Called Strike
1-2: Ball
2-2: Strikes out swinging
Top of the 9th over - 0 run(s), 2 hit(s), 0 error(s), 2 left on base; Hialeah 8 - Sioux Falls 0
BOTTOM OF THE 9TH
Sioux Falls Red Pandas batting - Pitching for Hialeah Dodos : RHP Joseph Reed
Batting: RHB Randy Tucker 0-0: Ball
1-0: Ball
2-0: Ground out 3-1 (Groundball, 34S)
Batting: LHB Cristo Maez 0-0: Called Strike
0-1: Called Strike
0-2: SINGLE (Groundball, 6MD)
Batting: RHB Dan Hart 0-0: Foul Ball, location: 2F
0-1: Ball
1-1: Fly out, F9 (Flyball, 9LM)
Batting: RHB Juan Garza 0-0: Swinging Strike
0-1: Fly out, F9 (Popup, 34D)
Bottom of the 9th over - 0 run(s), 1 hit(s), 0 error(s), 1 left on base; Hialeah 8 - Sioux Falls 0
This league is powered by Out of the Park Baseball, the baseball management simulation game for PC, Mac and Linux
Friday, October 23rd, 2015 - OOTP Baseball 16.9 Build 39